 Dungeon Crawl Stone Soup version 0.26-a0-49-g0e6732e0a6 (webtiles) character file.

Game seed: 13268800317491542927

2606 pljop the Nimble (level 9, 0/52 HPs)
             Began as a Kobold Summoner on June 4, 2020.
             Was a Believer of Dithmenos.
             Slain by a killer bee (7 damage)
             ... on level 9 of the Dungeon.
             The game lasted 00:26:40 (11157 turns).

pljop the Nimble (Kobold Summoner)                 Turns: 11157, Time: 00:26:41

Health: 0/52       AC:  4    Str:  5    XL:     9   Next: 90%
Magic:  9/12       EV: 22    Int: 22    God:    Dithmenos [**....]
Gold:   440        SH:  0    Dex: 16    Spells: 3/12 levels left

rFire    . . .     SeeInvis +   m - +0 dagger
rCold    . . .     Gourm    .   (shield restricted)
rNeg     . . .     Faith    .   a - +0 robe
rPois    +         Spirit   .   (no helmet)
rElec    .         Reflect  .   (no cloak)
rCorr    .         Harm     .   g - +0 pair of gloves
MR       .....                  I - +0 pair of boots
Stlth    ++++......             s - amulet of magic regeneration
HPRegen  0.17/turn              r - ring "Etaveit" {Int+3 SInv Stlth+}
MPRegen  0.38/turn              y - ring of poison resistance

@: lethally poisoned (0 -> -3), wreathed by umbra
A: small, carnivore
a: Shadow Step, Renounce Religion


You were on level 9 of the Dungeon.
You worshipped Dithmenos.
Dithmenos was pleased with you.
You were very full.

You visited 2 branches of the dungeon, and saw 10 of its levels.

You collected 583 gold pieces.
You spent 143 gold pieces at shops.

Inventory:

Hand Weapons
 m - a +0 dagger (weapon)
 F - a +2 falchion of flaming
Missiles
 b - 92 bolts
 k - 59 poisoned darts (quivered)
Armour
 a - a +0 robe (worn)
 g - a +0 pair of gloves (worn)
 I - a +0 pair of boots (worn)
Jewellery
 r - the ring "Etaveit" (left hand) {Int+3 SInv Stlth+}
   (You found it on level 4 of the Dungeon)

   [ring of stealth]

   It affects your intelligence (+3).
   It lets you see invisible.
   It makes you more stealthy.
 s - an amulet of magic regeneration (around neck)
 y - a ring of poison resistance (right hand)
 G - an uncursed ring of ice {unknown}
Wands
 l - a wand of flame (14)
 w - a wand of polymorph (19)
 A - a wand of digging (3)
 E - a wand of paralysis (6)
 L - a wand of iceblast (7)
Scrolls
 e - 5 scrolls of remove curse
 h - a scroll of enchant armour {unknown}
 n - 3 scrolls of fog {unknown}
 p - 2 scrolls of magic mapping {unknown}
 u - a scroll of amnesia {unknown}
 x - a scroll of enchant weapon {unknown}
 z - a scroll of fear {unknown}
 D - 4 scrolls of teleportation {unknown}
Potions
 d - 6 potions of curing
 f - a potion of resistance {unknown}
 i - 3 potions of mutation
 j - 2 potions of haste
 o - 2 potions of magic
 q - a potion of stabbing {unknown}
 t - a potion of berserk rage
 v - a potion of might
 B - 2 potions of brilliance {unknown}
 C - 2 potions of heal wounds
 H - a potion of invisibility {unknown}
 J - a potion of ambrosia {unknown}
Comestibles
 c - 18 rations
 K - 2 chunks of flesh


   Skills:
 - Level 4.0 Fighting
 - Level 10.0 Dodging
 - Level 3.0 Stealth
 - Level 2.1 Spellcasting
 + Level 9.9 Summonings


You had 3 spell levels left.
You knew the following spells:

 Your Spells              Type           Power        Failure   Level  Hunger
a - Summon Small Mammal   Summ           ####         1%          1    #......
b - Call Imp              Summ           #####...     1%          2    ##.....
c - Call Canine Familiar  Summ           #####...     1%          3    ###....
d - Summon Guardian Gole  Hex/Summ       ###.....     5%          3    ###....

Your spell library contained the following spells:

 Spells                   Type           Power        Failure   Level  Hunger
 Summon Butterflies       Summ           #####...     1%          1    #......
 Summon Ice Beast         Ice/Summ       ###.....     17%         4    #####..
 Summon Lightning Spire   Summ/Air       ###.....     17%         4    #####..
 Summon Mana Viper        Hex/Summ       ###.....     43%         5    ######.
 Summon Hydra             Summ           #####.....   89%         7    #######


Dungeon Overview and Level Annotations

Branches:
Dungeon (9/15)             Temple (1/1) D:6             Orc (0/2) D:9
   Lair: D:8-11

Altars:
Ashenzari
Cheibriados
Dithmenos
Elyvilon
Fedhas
Gozag
Hepliaklqana
Kikubaaqudgha
Makhleb
Nemelex Xobeh
Okawaru
Qazlal
Ru
Sif Muna
Trog
Wu Jian
Xom
Yredelemnul
Zin
The Shining One
Lugonu

Shops:
D:7 *   D:8 [!

Annotations:
D:3 Grinder


Innate Abilities, Weirdness & Mutations

You are small and have problems with some larger weapons.
You are carnivorous and can eat meat at any time.


Message History

You feel sick. The killer bee barely misses you. x2
Your crimson imp barely misses the killer bee.
Your wolf closely misses the killer bee.
The killer bee closely misses you. The killer bee misses you.
Aiming: Paralyse
Press: ? - help, Shift-Dir - straight line, f/p - killer bee
Aim: a killer bee (moderately wounded, umbra, chance to defeat MR: 54%)
The killer bee suddenly stops moving!
The killer bee stings you.
* * * LOW HITPOINT WARNING * * *
Your wolf bites the killer bee.
Your crimson imp hits the killer bee.
The killer bee misses you.
Your wolf barely misses the killer bee.
You feel sick.
Your wolf bites the killer bee.
Your crimson imp hits the killer bee but does no damage.
The killer bee stings you but does no damage.
Your wolf bites the killer bee.
You swap places.
Your wolf closely misses the killer bee.
Your crimson imp blinks!
The killer bee stings you!
You die...

#+#...........#####..............
#..............................
#.###########............######
#.# #...(..<.....# #.#
#............# ###.#
#..55....(...# ....#
#..8.........#### ....#
#§yy.5..........# ÷...#
#.@h†####.......# ....##
#....'.$###.....# .....#
#....#....#5....# .....#
#....#....#.....###
.....##########....# ...#........
...5...............# ...#........
###'###............######........
......#..........................
......#..........................


You could see 2 killer bees, a friendly guardian golem (summoned), a friendly
wolf (summoned, sheltered) and 3 friendly crimson imps.

Vanquished Creatures
  An ogre (D:9)
  A crimson imp (D:6)
  2 hounds
  An adder (D:5)
  A dart slug (D:2)
  2 leopard geckos
  2 orcs
  2 ball pythons
  2 bats
  A giant cockroach (D:4)
  2 goblins (D:2)
  A jackal (D:6)
  2 kobolds (D:2)
  A quokka (D:5)
  A frilled lizard (D:2)
22 creatures vanquished.

Vanquished Creatures (collateral kills)
  Pikel (D:4)
  A troll (D:9)
  2 hippogriffs
  A hungry ghost (D:9)
  2 water moccasins
  3 phantoms
  A black bear (D:9)
  An eye of draining (D:9)
  5 sky beasts
  An ice beast (D:5)
  An ogre (D:8)
  A crocodile (D:8)
  4 centaurs
  3 bullfrogs
  A wyvern skeleton (D:6)
  4 scorpions
  5 killer bees
  4 wights (D:8)
  A crimson imp (D:7)
  A centaur zombie (D:7)
  4 hounds
  A bullfrog skeleton (D:4)
  2 orc priests
  4 iguanas
  7 orc wizards
  6 worker ants
  4 hound skeletons
  2 worker ant zombies (D:5)
  9 adders
  2 shadow imps
  2 oozes
  A dart slug (D:1)
  A worm (D:2)
  5 leopard geckos
  24 orcs
  6 bats
  6 goblins
  8 hobgoblins
  4 jackals
  2 quokkas
  2 kobolds
  5 rats
150 creatures vanquished.

Grand Total: 172 creatures vanquished

Notes
Turn   | Place    | Note
-------+----------+-------------------------------------------
     0 | D:1      | pljop the Kobold Summoner began the quest for the Orb.
     0 | D:1      | Reached XP level 1. HP: 10/10 MP: 3/3
   459 | D:1      | Reached XP level 2. HP: 15/15 MP: 0/5
   675 | D:1      | Learned a level 2 spell: Call Imp
  1105 | D:1      | Reached XP level 3. HP: 18/19 MP: 2/6
  1871 | D:2      | Reached skill level 3 in Dodging
  2126 | D:2      | Reached skill level 5 in Summonings
  2237 | D:2      | Reached XP level 4. HP: 24/24 MP: 7/7
  2245 | D:2      | Found a blossoming altar of Fedhas.
  2879 | D:3      | Learned a level 3 spell: Call Canine Familiar
  2894 | D:3      | Noticed Grinder
  2980 | D:4      | Noticed a phantom
  3038 | D:4      | Killed a phantom
  3038 | D:4      | Reached XP level 5. HP: 12/28 MP: 2/8
  3511 | D:4      | Got a brightly glowing platinum ring
  3646 | D:4      | HP: 1/28 [orc wizard/magic dart (8)]
  3647 | D:4      | Reached XP level 6. HP: 2/32 MP: 0/9
  4298 | D:4      | Noticed a slave
  4299 | D:4      | Noticed a slave
  4299 | D:4      | Noticed a slave
  4300 | D:4      | Noticed Pikel
  4300 | D:4      | Noticed a slave
  4321 | D:4      | Learned a level 3 spell: Summon Guardian Golem
  4418 | D:4      | Killed Pikel
  4418 | D:4      | Reached XP level 7. HP: 9/36 MP: 1/10
  4488 | D:4      | Identified the ring "Etaveit" {Int+3 SInv Stlth+} (You
                  | found it on level 4 of the Dungeon)
  4743 | D:5      | Entered Level 5 of the Dungeon
  5092 | D:5      | Reached skill level 4 in Dodging
  5906 | D:5      | Reached skill level 5 in Dodging
  6324 | D:5      | Found a burning altar of Makhleb.
  6370 | D:6      | Found a shattered altar of Ashenzari.
  6404 | D:6      | HP: 1/36 [centaur/arrow (11)]
  6810 | D:6      | Found a glowing silver altar of Zin.
  6810 | D:6      | Found a glowing golden altar of the Shining One.
  6810 | D:6      | Found a white marble altar of Elyvilon.
  6839 | D:6      | Reached XP level 8. HP: 39/41 MP: 6/11
  6885 | D:6      | Reached skill level 6 in Dodging
  7144 | D:6      | Found a staircase to the Ecumenical Temple.
  7169 | D:6      | Found a stormy altar of Qazlal.
  7190 | Temple   | Entered the Ecumenical Temple
  7221 | Temple   | Became a worshipper of Dithmenos the Shadowed
  7256 | D:6      | Found an ornate altar of the Wu Jian Council.
  7284 | D:6      | Reached skill level 1 in Fighting
  7530 | D:6      | Found an iron altar of Okawaru.
  7549 | D:6      | Reached skill level 7 in Dodging
  7922 | D:7      | Reached skill level 8 in Dodging
  8026 | D:7      | Found a basalt altar of Yredelemnul.
  8028 | D:7      | Noticed a hippogriff
  8046 | D:7      | Killed a hippogriff
  8338 | D:7      | Reached * piety under Dithmenos
  8441 | D:7      | Found Qutaisyro's Assorted Antiques.
  8509 | D:7      | Found a bloodstained altar of Trog.
  8820 | D:8      | Found a shimmering blue altar of Sif Muna.
  8882 | D:8      | Found a shimmering altar of Xom.
  8882 | D:8      | Noticed a hippogriff
  8907 | D:8      | Killed a hippogriff
  8907 | D:8      | Reached XP level 9. HP: 51/51 MP: 8/12
  8999 | D:8      | Reached skill level 9 in Dodging
  9258 | D:8      | Found Ipru's Distillery.
  9263 | D:8      | Bought a potion of haste for 110 gold pieces
  9263 | D:8      | Bought a potion of curing for 33 gold pieces
  9354 | D:8      | Found a sacrificial altar of Ru.
  9419 | D:8      | Found Ymolor's Armour Shoppe.
  9440 | D:8      | Found a sparkling altar of Nemelex Xobeh.
 10048 | D:8      | Reached skill level 10 in Dodging
 10481 | D:9      | Noticed a troll
 10490 | D:9      | Killed a troll
 10867 | D:9      | Found a staircase to the Orcish Mines.
 11142 | D:9      | Reached ** piety under Dithmenos
 11157 | D:9      | Slain by a killer bee

Illustrated notes

Levels and vault maps discovered:
D:1:      psy_arrival_whirlpool, layout_basic
D:2:      layout_basic, fedhas_altar_1
D:3:      layout_basic, lemuel_crystal_altar, hangedman_decor_points,
          uniq_grinder
D:4:      layout_basic, nicolae_overflow_hidden_temple, first_ration, uniq_pikel
D:5:      layout_basic, makhleb_blood_cavern_becter, minmay_starry_boxes
D:6:      layout_loops_ring, good_gods_mini_temple, ashenzari_altar_1,
          grunt_temple_overflow_open, temple_green, okawaru_ov_weapons_minmay
D:7:      layout_loops_ring, lemuel_round_altar, serial_shops,
          nicolae_shop_overgrown_old_shop, yredelemnul_altar_generic
D:8:      layout_basic, kennysheep_little_box,
          nemelex_xobeh_ov_fountains_minmay, lemuel_round_altar, serial_shops,
          shop, nicolae_shop_trees, led_sif_book
D:9:      layout_irregular_city, david_orc_2, hangedman_fish_farm,
          kennysheep_generic_room_14
Temple:   corrupted_temple

Skill      XL: |  1  2  3  4  5  6  7  8  9 |
---------------+----------------------------+-----
Dodging        | 3 5 8 10 | 10.0
Stealth        | 3 |  3.0
Summonings     | 5 6 8 9 |  9.9
Fighting       | 3 4 |  4.0
Spellcasting   | |  2.1

Action                   |  1- 3 |  4- 6 |  7- 9 || total
-------------------------+-------+-------+-------++-------
Melee: Unarmed           |    40 |       |       ||    40
       Dagger            |    10 |    57 |   263 ||   330
Throw: Dart              |     3 |       |     2 ||     5
 Cast: Summon Small Mamm |    21 |       |       ||    21
       Call Imp          |    27 |    20 |   101 ||   148
       Call Canine Famil |       |    11 |    57 ||    68
       Summon Guardian G |       |       |    13 ||    13
Evoke: Wand              |       |     3 |     6 ||     9
  Use: Scroll            |       |       |     6 ||     6
 Stab: Sleeping          |     4 |     1 |     8 ||    13
       Distracted        |       |       |     3 ||     3
  Eat: Chunk             |    15 |     8 |    42 ||    65
Armor: Robe              |    34 |     7 |    28 ||    69
Dodge: Dodged            |    92 |    66 |   333 ||   491

Table legend:
 A = Non-vault XP
 B = Vault XP
 C = Vault XP percentage of total XP
 D = Non-vault monster count
 E = Vault monster count
 F = Vault count percentage of total count
                 A         B        C        D         E       F
            +---------+---------+-------+---------+---------+-------
      Total |    3225 |     498 |  13.4 |     157 |      15 |   8.7
            +---------+---------+-------+---------+---------+-------
        D:1 |      35 |       0 |   0.0 |      25 |       0 |   0.0
        D:2 |      39 |       0 |   0.0 |      18 |       0 |   0.0
        D:3 |      16 |       0 |   0.0 |       5 |       0 |   0.0
        D:4 |     256 |     321 |  55.6 |      13 |       1 |   7.1
        D:5 |     129 |     119 |  48.0 |      18 |       5 |  21.7
        D:6 |     460 |       0 |   0.0 |      20 |       0 |   0.0
        D:7 |     484 |       0 |   0.0 |      19 |       0 |   0.0
        D:8 |     697 |      44 |   5.9 |      17 |       2 |  10.5
        D:9 |    1109 |      14 |   1.2 |      22 |       7 |  24.1
            +---------+---------+-------+---------+---------+-------
